 Dungeon Crawl Stone Soup version 0.28-a0-57-g271197699b (webtiles) character file.

Game seed: 17954526999479887196

2853 HAL9000 the Slicer (level 9, -11/45 HPs)
             Began as a Vine Stalker Brigand on July 30, 2021.
             Was a Follower of Uskayaw.
             Mangled by a shadow (13 damage)
             ... created by the darkness of Dithmenos
             ... on level 7 of the Dungeon.
             The game lasted 00:19:16 (8007 turns).

HAL9000 the Slicer (Vine Stalker Brigand)           Turns: 8007, Time: 00:19:17

Health: -11/45     AC: 19    Str: 16    XL:     9   Next: 75%
Magic:  0/10       EV:  6    Int: 12    God:    Uskayaw [*.....]
Gold:   48         SH:  5    Dex: 16    Spells: 8/8 levels left

rFire   . . .      SeeInvis .   q - +4 short sword (venom)
rCold   . . .      Faith    .   b - +2 buckler {AC+3}
rNeg    . . .      Spirit   +   r - +0 storm dragon scales
rPois   .          Reflect  .   p - +1 helmet
rElec   +          Harm     .   c - +0 cloak
rCorr   .          Rampage  .   z - +1 pair of gloves
Will    +....                   (no boots)
Stlth   ..........              y - amulet of regeneration
HPRegen 2.15/turn               (no ring)
MPRegen 0.12/turn               (no ring)

@: about to teleport, marked, slowed, very slow
A: fangs 3, regeneration 1, magic shield, antimagic bite, no potion heal 2
a: Renounce Religion, Stomp


You were on level 7 of the Dungeon.
You worshipped Uskayaw.
Uskayaw was noncommittal.
You visited 2 branches of the dungeon, and saw 9 of its levels.
You also visited: Sewer and Ossuary.

You collected 280 gold pieces.
You spent 232 gold pieces at shops.

Inventory:

Hand Weapons
 a - a +2 dagger
 q - a +4 short sword of venom (weapon)
Missiles
 d - 38 poisoned darts
 e - 12 curare-tipped darts
 j - 4 boomerangs
 B - 2 atropa-tipped darts
 C - 2 throwing nets (quivered)
 E - 2 javelins
Armour
 b - a +2 buckler of protection (worn)
 c - a +0 cloak (worn)
 p - a +1 helmet (worn)
 r - +0 storm dragon scales (worn)
 z - a +1 pair of gloves (worn)
Jewellery
 l - an amulet of magic regeneration
 y - an amulet of regeneration (around neck)
Wands
 k - a wand of digging (9)
 m - a wand of polymorph (5)
 w - a wand of charming (5)
 H - a wand of iceblast (13)
Scrolls
 f - 2 scrolls of vulnerability {unknown}
 i - 2 scrolls of enchant armour
 o - 2 scrolls of magic mapping {unknown}
 s - 2 scrolls of enchant weapon {unknown}
 x - 2 scrolls of blinking {unknown}
 F - a scroll of summoning
 G - a scroll of amnesia {unknown}
Potions
 g - 5 potions of flight
 h - a potion of attraction {unknown}
 t - 3 potions of berserk rage
 u - 2 potions of degeneration {unknown}
 v - a potion of haste
 A - a potion of resistance {unknown}
 D - 3 potions of curing


   Skills:
 - Level 4.0 Fighting
 - Level 10.0 Short Blades
 - Level 5.2 Throwing
 - Level 2.5 Armour
 - Level 0.7 Dodging
 - Level 4.8 Stealth


You had 8 spell levels left.
You didn't know any spells.
Your spell library contained the following spells:

 Spells                   Type           Power      Damage    Failure   Level
 Animate Skeleton         Necr           0%         N/A       100%        1
 Apportation              Tloc           0%         N/A       100%        1
 Corona                   Hex            0%         N/A       100%        1
 Summon Small Mammal      Summ           0%         N/A       100%        1


Dungeon Overview and Level Annotations

Branches:
Dungeon (8/15)             Temple (1/1) D:5           Sewer (visited)
Ossuary (visited)
   Lair: D:8-11

Altars:
Ashenzari
Cheibriados
Dithmenos
Elyvilon
Fedhas
Gozag
Hepliaklqana
Kikubaaqudgha
Makhleb
Nemelex Xobeh
Okawaru
Qazlal
Ru
Sif Muna
Trog
Uskayaw
Vehumet
Xom
Yredelemnul
Zin
The Shining One

Shops:
D:1 [[([=   D:6 !

Annotations:
D:6 1 transporter, Tutankhamun's ghost, novice TrMo
D:7 4 runed translucent doors


Innate Abilities, Weirdness & Mutations

You have razor-sharp teeth.
Your natural rate of healing is unusually fast.
When hurt, damage is shared between your health and your magic reserves.
Your bite disrupts and absorbs the magic of your enemies.
Potions cannot restore your health.


Message History

The shadow flickers and vanishes!
Deactivating autopickup; reactivate with Ctrl-A.
You block the shadow's attack.
The shadow demon gestures.
The kobold shouts! x3
The shadow demon gestures.
The shadow strikes at you from the darkness!
Reactivating autopickup.
The shadow slips into darkness.
The shadow flickers and vanishes!
Deactivating autopickup; reactivate with Ctrl-A.
The shadow slips into darkness.
The shadow flickers and vanishes!
The orc shouts!
The orc priest shouts!
The orc shouts!
The shadow strikes at you from the darkness!
Reactivating autopickup.
The shadow slips into darkness.
The shadow flickers and vanishes!
Deactivating autopickup; reactivate with Ctrl-A.
The phantom hits you but does no damage.
The shadow strikes at you from the darkness!
Reactivating autopickup.
The orc priest looks encouraged for a moment.
The shadow hits you. The shadow demon hits you.
The shadow strikes at you from the darkness!
* * * LOW HITPOINT WARNING * * *
Unknown command.
As you read the scroll of teleportation, it crumbles to dust.
You feel strangely unstable.
The shadow slips into darkness.
The shadow flickers and vanishes!
Deactivating autopickup; reactivate with Ctrl-A.
You block the phantom's attack. The shadow hits you.
* * * LOW HITPOINT WARNING * * *
The bullfrog snags a nearby fly with its tongue.
The shadow hits you.
* * * LOW HITPOINT WARNING * * *
The shadow demon hits you but does no damage.
The shadow strikes at you from the darkness!
You die...

............................#
............................#####
...[........................##...
...[........o...............##.##
...........ooo...................
............5K.KKK.........####.#
.............o2KF................
.............o.W{W.........######
...............2@>...............
##.............W...........######
###..)...........................
##...................>...########
##.##....................# ###..
##.#........#.#.#######..# #....
.#.#.#.....##.#.# #..# #.#.#
.#.#.#......#.#.# #..# #.#.#
.#.#.#.###..#.#.# #..####.#.#


You could see 2 shadow demons, an orc warrior (summoned), a phantom (summoned),
a kobold brigand (summoned), 2 shadows, a bullfrog (summoned), an orc priest
(summoned), a shadow imp (summoned), 4 orcs and 4 kobolds.

Vanquished Creatures
  3 shadows (D:5)
  Eustachio (D:4)
  A wyvern (D:7)
  2 water moccasins (D:7)
  Duvessa (D:5)
  A hornet zombie (D:7)
  2 black bears (D:5)
  3 necrophages
  A phantom (D:4)
  2 elf zombies (Ossuary)
  A kobold brigand (Sewer)
  Blork the orc (D:4)
  A water moccasin zombie (D:6)
  A scorpion (D:6)
  Dowan (D:5)
  A killer bee (D:7)
  6 centaur zombies
  3 howler monkeys (D:8)
  A human zombie (Ossuary)
  A jelly (D:6)
  2 gnoll shamans
  3 hounds
  2 orc priests
  4 iguanas
  Jessica (D:2)
  2 orc wizards
  A scorpion zombie (D:3)
  A killer bee zombie (D:7)
  2 mummies (Ossuary)
  Robin (D:2)
  7 gnolls
  A howler monkey skeleton (D:5)
  A river rat (Sewer)
  7 adders
  2 white imps (D:6)
  An ufetubus (D:3)
  An adder skeleton (D:4)
  2 worms (D:2)
  6 dart slugs
  24 orcs
  8 endoplasms
  11 goblins
  6 hobgoblins
  8 jackals
  10 kobolds
  4 quokkas
  A ball python (D:3)
  7 bats
  A frilled lizard (D:3)
  8 hobgoblin zombies (Ossuary)
  10 kobold zombies (Ossuary)
  10 orc zombies (Ossuary)
  11 rats
200 creatures vanquished.

Vanquished Creatures (others)
  7 plants
7 creatures vanquished.

Grand Total: 207 creatures vanquished

Notes
Turn   | Place    | Note
-------+----------+-------------------------------------------
     0 | D:1      | HAL9000 the Vine Stalker Brigand began the quest for the
                  | Orb.
     0 | D:1      | Reached XP level 1. HP: 11/11 MP: 2/2
    14 | D:1      | Found Apnosheypi's Antique Armour Emporium.
    72 | D:1      | Found Eheirel's Antique Armour Boutique.
   137 | D:1      | Reached XP level 2. HP: 8/15 MP: 3/3
   602 | D:1      | Found Ryrhom's Jewellery Boutique.
   689 | D:1      | Found Sadoh's Antique Weapon Emporium.
   692 | D:1      | Found Kydynogu's Armour Shoppe.
   698 | D:1      | Reached XP level 3. HP: 18/18 MP: 4/4
   728 | D:1      | Found a faded altar of an unknown god.
  1393 | D:2      | Noticed Jessica
  1407 | D:2      | Killed Jessica
  1408 | D:2      | Gained mutation: Your natural rate of healing is unusually
                  | fast. [Vine Stalker growth]
  1408 | D:2      | Reached XP level 4. HP: 12/23 MP: 2/5
  1479 | D:2      | Noticed Robin
  1780 | D:2      | Killed Robin
  1781 | D:2      | Reached XP level 5. HP: 20/26 MP: 4/6
  2255 | D:3      | You fall into a shaft and drop 2 floors!
  2255 | D:5      | Entered Level 5 of the Dungeon
  2257 | D:5      | Found a staircase to the Ecumenical Temple.
  2265 | Temple   | Entered the Ecumenical Temple
  2482 | D:5      | Found a sand-covered staircase.
  2502 | D:5      | Reached skill level 5 in Throwing
  2512 | Ossuary  | Entered an ossuary
  2590 | Ossuary  | Reached skill level 2 in Short Blades
  2645 | Ossuary  | Reached XP level 6. HP: 30/30 MP: 7/7
  2653 | Ossuary  | Reached skill level 3 in Short Blades
  2704 | Ossuary  | Reached skill level 4 in Short Blades
  2758 | Ossuary  | Reached XP level 7. HP: 25/34 MP: 5/8
  2783 | Ossuary  | Reached skill level 5 in Short Blades
  2897 | D:5      | Noticed Duvessa
  2900 | D:5      | Noticed Dowan
  3092 | D:3      | Found a hazy altar of Hepliaklqana.
  3868 | D:4      | Noticed Blork the orc
  3869 | D:4      | Noticed Eustachio
  3875 | D:4      | Killed Blork the orc
  3876 | D:4      | Reached skill level 6 in Short Blades
  3922 | D:4      | Killed Eustachio
  3923 | D:4      | Gained mutation: You have razor-sharp teeth. [Vine Stalker
                  | growth]
  3923 | D:4      | Reached XP level 8. HP: 38/38 MP: 9/9
  4180 | D:4      | Reached skill level 7 in Short Blades
  4331 | D:4      | Found a shimmering altar of Xom.
  4396 | D:4      | Found a shadowy altar of Dithmenos.
  4396 | D:4      | Found a white marble altar of Elyvilon.
  4398 | D:4      | Found a hide-covered altar of Uskayaw.
  4398 | D:4      | Found a stormy altar of Qazlal.
  4435 | D:4      | Became a worshipper of Dithmenos the Shadowed
  4814 | D:4      | Fell from the grace of Dithmenos
  4814 | D:4      | Became a worshipper of Uskayaw the Reveller
  4851 | D:5      | Reached * piety under Uskayaw
  4870 | D:5      | Killed Dowan
  4876 | D:5      | Reached ** piety under Uskayaw
  4888 | D:5      | Killed Duvessa
  4889 | D:5      | Reached skill level 8 in Short Blades
  5116 | D:5      | Noticed a shadow
  5116 | D:5      | Noticed a shadow
  5116 | D:5      | Noticed a shadow
  5176 | D:4      | Noticed a cyclops
  5474 | D:5      | Reached *** piety under Uskayaw
  5581 | D:5      | Killed a shadow
  5698 | D:5      | Killed a shadow
  5728 | D:5      | Killed a shadow
  5836 | D:6      | Found an opulent altar of Gozag.
  5866 | D:6      | Reached XP level 9. HP: 33/43 MP: 10/10
  5957 | D:6      | Reached skill level 9 in Short Blades
  6003 | D:6      | Found Waku's Distillery.
  6045 | D:6      | Identified the +1 ring mail of Hefeick {rElec}
  6045 | D:6      | Identified the +2 buckler of Temperance {rElec rPois Str+3}
  6068 | D:6      | Found a glowing drain.
  6077 | Sewer    | Entered a sewer
  6180 | Sewer    | Found a white marble altar of Elyvilon.
  6421 | D:6      | Noticed Tutankhamun's ghost (novice TrMo)
  6445 | D:6      | Found a transporter.
  6445 | D:6      | Found a transporter.
  6460 | D:6      | Identified the ring "Ocliesh" {Ice *Slow Str+3 Slay+3}
  6597 | D:6      | Found an ancient bone altar of Kikubaaqudgha.
  6778 | D:7      | Found a huge runed translucent gate.
  6783 | D:7      | Found a huge runed translucent gate.
  6784 | D:7      | Found a huge runed translucent gate.
  6784 | D:7      | Noticed a polar bear
  6784 | D:7      | Noticed a manticore
  6835 | D:7      | Found a huge runed translucent gate.
  6835 | D:7      | Noticed a polar bear
  6835 | D:7      | Noticed a polar bear
  7180 | D:7      | Reached skill level 10 in Short Blades
  7418 | D:1      | Bought a runed buckler for 232 gold pieces
  7441 | D:2      | Noticed a brown ugly thing
  7441 | D:2      | Noticed a death knight
  7759 | D:7      | Reached skill level 1 in Armour
  7932 | D:7      | Noticed a manticore
  7974 | D:8      | Reached **** piety under Uskayaw
  7998 | D:7      | Noticed a shadow demon
  7998 | D:7      | Noticed a shadow demon
  8007 | D:7      | HP: 2/45 [shadow[the darkness of Dithmenos] (5)]
  8007 | D:7      | Mangled by a shadow

Illustrated notes

Levels and vault maps discovered:
D:1:      dpeg_arrival_orchard, layout_basic, serial_shops,
          nicolae_shop_statue_plus, shop,
          nicolae_shop_temple_entry_statues_fountains, shop,
          nicolae_shop_temple_entry_statues_fountains,
          shapermc_ecumenical_altar_flowoftime, chequers_serial_rivers_marsh,
          minmay_stone_trees_small
D:2:      layout_basic, uniq_robin, uniq_jessica
D:3:      layout_basic, nicolae_hepliaklqana_hazy_memory
D:4:      layout_loops_corners, lemuel_round_altar,
          mainiacjoe_overflow_alcove_3, uniq_blork_the_orc, uniq_eustachio
D:5:      black_bear_nest_2, layout_rooms, temple_fountains,
          nicolae_ossuary_entry_ruins, minmay_misc_feat_hallway, uniq_duvessa
D:6:      layout_cave_pools, lemuel_round_altar, grunt_gozag_breadcrumbs,
          serial_shops, nicolae_shop_stone, gammafunk_ghost_gnarly_gnolls,
          portal_sewer_entry_d
D:7:      lemuel_bear_cage, layout_basic, hangedman_abyss_or_decor_stagger,
          chequers_serial_rivers_small_b
D:8:      layout_cave_pools, amcnicky_altar_gilded
Temple:   nicolae_temple_figure_eight

Skill      XL: |  1  2  3  4  5  6  7  8  9 |
---------------+----------------------------+-----
Throwing       | 2 3 4 5 |  5.2
Short Blades   | 2 4 6 8 10 | 10.0
Fighting       | 2 4 |  4.0
Armour         | 2 |  2.5
Dodging        | |  0.7
Stealth        | |  4.8

Action                   |  1- 3 |  4- 6 |  7- 9 || total
-------------------------+-------+-------+-------++-------
Melee: Dagger            |    49 |    52 |       ||   101
       Bite              |    13 |    66 |   143 ||   222
       Short sword       |       |   166 |   431 ||   597
       Unarmed           |       |       |    11 ||    11
Throw: Dart              |     6 |    11 |    12 ||    29
  Use: Scroll            |       |       |     9 ||     9
 Stab: Sleeping          |     7 |     6 |     8 ||    21
       Paralysed         |       |       |     5 ||     5
Armor: Robe              |     7 |   134 |    38 ||   179
       Skin              |       |       |     2 ||     2
       Storm dragon scal |       |       |   156 ||   156
Dodge: Dodged            |    22 |   172 |   124 ||   318
Block: Buckler           |       |       |     9 ||     9

Table legend: (Time is in decaauts)
 A = Elapsed time spent in this place.
 B = Non-inter-level travel time spent in this place.
 C = Inter-level travel time spent in this place.
 D = Time resting spent in this place.
 E = Time spent auto-exploring this place.
 F = Levels seen in this place.
 G = Mean time per level.
                   A        B        C        D        E       F      G
               +--------+--------+--------+--------+--------+-----+--------+
         Total |   7915 |   7214 |    701 |    556 |   4713 |  11 |  719.5 |
       Dungeon |   7177 |   6487 |    690 |    554 |   4358 |   8 |  897.1 |
        Temple |    214 |    203 |     11 |      0 |    203 |   1 |  214.0 |
         Sewer |    159 |    159 |      0 |      0 |    117 |   1 |  159.0 |
       Ossuary |    363 |    363 |      0 |      2 |     35 |   1 |  363.0 |
               +--------+--------+--------+--------+--------+-----+--------+

Top non-repeatable levels by time:
     D:4: 1372 daAuts
     D:1: 1250 daAuts
     D:3: 1045 daAuts
     D:7: 974 daAuts
     D:2: 927 daAuts
     D:5: 840 daAuts
     D:6: 750 daAuts
 Ossuary: 363 daAuts
  Temple: 214 daAuts
   Sewer: 159 daAuts
     D:8: 14 daAuts
